 Dungeon Crawl Stone Soup version 0.24.0-13-gcf9b319 (webtiles) character file.

Game seed: 3833815298617825003, levelgen mode: deterministic

2215 silenth the Cleaver (level 9, -2/62 HPs)
             Began as an Octopode Fighter on Mar 9, 2020.
             Was a Priest of Yredelemnul.
             Slain by Pikel
             ... wielding a +0 whip of electrocution
              (20 damage)
             ... on level 7 of the Dungeon.
             The game lasted 00:09:42 (7210 turns).

silenth the Cleaver (Octopode Fighter)              Turns: 7210, Time: 00:09:43

Health: -2/62      AC:  1    Str: 16    XL:     9   Next: 35%
Magic:  12/12      EV: 13    Int: 10    God:    Yredelemnul [***...]
Gold:   400        SH: 10    Dex: 14    Spells: 7/8 levels left

rFire    + . .     SeeInvis .   a - +1 war axe
rCold    . . .     Gourm    .   b - +1 shield
rNeg     . . .     Faith    .   (helmet restricted)
rPois    .         Spirit   .   (no amulet)
rElec    .         Reflect  .   j - ring of protection from fire
rCorr    .         Harm     .   p - ring of flight
MR       .....                  i - ring of wizardry
Stlth    ++++......             (no ring)
HPRegen  0.20/turn              (no ring)
MPRegen  0.13/turn              (no ring)
                                (no ring)
                                (no ring)

@: no status effects
A: almost no armour, stealthy swim, amphibious, 8 rings, constrict 8, camouflage
1, gelatinous body 1
a: Recall Undead Slaves, Injury Mirror, Animate Dead, Renounce Religion, Evoke
Flight


You were on level 7 of the Dungeon.
You worshipped Yredelemnul.
Yredelemnul was most pleased with you.
You were not hungry.

You visited 1 branch of the dungeon, and saw 7 of its levels.
You also visited: Ossuary.

You collected 400 gold pieces.

Inventory:

Hand Weapons
 a - a +1 war axe (weapon)
Missiles
 h - 15 poisoned darts (quivered)
 l - a throwing net
 t - 5 silver javelins
Armour
 b - a +1 shield (worn)
Jewellery
 i - a ring of wizardry (on tentacle)
 j - a ring of protection from fire (left tentacle)
 p - a ring of flight (right tentacle)
Wands
 k - a wand of flame (9)
 m - a wand of random effects (54)
 A - a wand of iceblast (8)
Scrolls
 d - a scroll of fear
 f - 4 scrolls of teleportation
 o - 2 scrolls of enchant weapon
 r - 10 scrolls of remove curse
 v - 2 scrolls of fog
 w - a scroll of blinking
Potions
 c - 2 potions of might
 g - a potion of brilliance
 n - a potion of berserk rage
 s - a potion of flight {unknown}
 u - 2 potions of haste
 x - 2 potions of heal wounds
 y - 2 potions of mutation {unknown}
 z - a potion of agility {unknown}
Comestibles
 e - 10 rations


   Skills:
 + Level 6.2 Fighting
 * Level 8.1 Axes
 - Level 4.0 Dodging
 - Level 5.0 Stealth
 - Level 4.0 Shields
 + Level 4.8 Invocations
 - Level 2.0 Evocations


You had 7 spell levels left.
You knew the following spells:

 Your Spells              Type           Power        Failure   Level  Hunger
a - Confusing Touch       Hex            #.....       50%         1    ##.....

Your spell library contained the following spells:

 Spells                   Type           Power        Failure   Level  Hunger
 Sting                    Conj/Pois      #...         50%         1    ##.....
 Poisonous Vapours        Pois/Air       #.....       65%         2    ###....
 Confuse                  Hex            #.......     86%         3    ####...
 Gell's Gravitas          Tloc           #.........   86%         3    ####...
 Mephitic Cloud           Conj/Pois/Air  #.......     86%         3    ####...
 Olgreb's Toxic Radiance  Pois           #.......     99%         4    #####..
 Petrify                  Tmut/Erth      #.......     99%         4    #####..
 Metabolic Englaciation   Hex/Ice        #.........   100%        5    ######.
 Venom Bolt               Conj/Pois      #.........   100%        5    ######.
 Yara's Violent Unravell  Hex/Tmut       #.........   100%        5    ######.


Dungeon Overview and Level Annotations

Branches:
Dungeon (7/15)             Temple (0/1) D:5         Ossuary (visited)

Altars:
Ashenzari
Cheibriados
Hepliaklqana
Nemelex Xobeh
Yredelemnul
Zin

Annotations:
D:7 Pikel


Innate Abilities, Weirdness & Mutations

You cannot wear most types of armour.
You are very stealthy in the water. (Stealth+)
You are amphibious.
You can wear up to eight rings at the same time.
You can use your tentacles to constrict eight enemies at once.
Your skin changes colour to match your surroundings (Stealth+).
Your rubbery body absorbs attacks. (AC +1, EV +1)


Message History

Pikel hits you with a +0 whip of electrocution!
You hit Pikel. Your squeeze misses Pikel.
Pikel is moderately wounded.
You constrict Pikel. Pikel closely misses you.
You hit Pikel.
Pikel is heavily wounded.
You constrict Pikel. You block Pikel's attack.
Pikel hits you with a +0 whip of electrocution!
You are electrocuted!
You hit Pikel. You squeeze Pikel.
Pikel is heavily wounded.
You constrict Pikel. Pikel barely misses you.
You hit Pikel but do no damage.
Pikel is heavily wounded.
You constrict Pikel.
Pikel hits you with a +0 whip of electrocution!
* * * LOW HITPOINT WARNING * * *
You are electrocuted!!
You die...
Your body rises from the dead as a mindless zombie.

#.#####.>.....#####.#
..†.................#
#.#............(.....
.....##.#####.#####.
#.#.###.## #.#
...###...## #Z#
...##.....###.# #
...#.......##.####p##.##
............#(ZZ@Kp....#
............######p(....
............# ##.##
...#.......##
...##.....## ######...##
##### #.# #.# ## #.##.#
#.#


You could see Pikel, 3 slaves, a friendly water moccasin zombie and a friendly
adder skeleton.

Vanquished Creatures
  2 hungry ghosts (D:7)
  A water moccasin (D:7)
  Duvessa (D:6)
  A slave (D:7)
  A phantom (D:4)
  An ogre (D:6)
  A bullfrog (D:6)
  2 water moccasin zombies (Ossuary)
  Dowan (D:6)
  A wyvern skeleton (D:7)
  2 scorpions
  5 killer bees (D:7)
  A howler monkey (D:4)
  A quasit (D:6)
  2 crimson imps (D:6)
  2 orc priests (D:4)
  2 hounds
  A jelly (D:6)
  Crazy Yiuf (D:2)
  3 orc wizards (D:4)
  A bullfrog skeleton (D:6)
  A centaur skeleton (D:5)
  4 worker ants
  3 big kobold zombies (Ossuary)
  2 hound zombies
  2 mummies (Ossuary)
  3 gnolls (D:4)
  9 adders
  A shadow imp (D:7)
  2 oozes (D:1)
  7 adder zombies
  2 worms
  3 dart slugs
  2 leopard geckos
  11 orcs
  5 bats
  6 giant cockroaches
  10 goblins
  8 hobgoblins
  2 quokkas
  A ball python (D:3)
  9 frilled lizards
  3 gnoll zombies (Ossuary)
  4 hobgoblin zombies (Ossuary)
  A jackal zombie (D:3)
  8 kobolds
  7 kobold zombies (Ossuary)
  A leopard gecko skeleton (D:5)
  7 orc zombies (Ossuary)
  11 rats
168 creatures vanquished.

Vanquished Creatures (collateral kills)
  A howler monkey (D:6)
  A crimson imp (D:6)
  A gnoll (D:4)
  A howler monkey skeleton (D:4)
  A leopard gecko (D:4)
5 creatures vanquished.

Vanquished Creatures (others)
  An orc skeleton (D:4)
  2 orc zombies (D:4)
  4 toadstools (D:6)
7 creatures vanquished.

Grand Total: 180 creatures vanquished

Notes
Turn   | Place    | Note
-------+----------+-------------------------------------------
     0 | D:1      | silenth the Octopode Fighter began the quest for the Orb.
     0 | D:1      | Reached XP level 1. HP: 16/16 MP: 1/1
   184 | D:1      | Reached XP level 2. HP: 18/21 MP: 2/2
   379 | D:1      | Reached skill level 3 in Axes
   398 | D:1      | Found a snail-covered altar of Cheibriados.
   403 | D:1      | Reached XP level 3. HP: 26/26 MP: 3/3
   786 | D:2      | Found a glowing silver altar of Zin.
   789 | D:2      | Learned a level 1 spell: Confusing Touch
   935 | D:2      | Found a basalt altar of Yredelemnul.
   992 | D:2      | Became a worshipper of Yredelemnul the Dark
  1025 | D:2      | Reached XP level 4. HP: 23/32 MP: 4/4
  1269 | D:2      | Reached skill level 4 in Axes
  1389 | D:2      | Found a runed translucent door.
  1390 | D:2      | Noticed Crazy Yiuf
  1436 | D:2      | Killed Crazy Yiuf
  1436 | D:2      | Reached skill level 4 in Fighting
  1436 | D:2      | Reached XP level 5. HP: 16/37 MP: 5/5
  2385 | D:3      | Reached * piety under Yredelemnul
  2848 | D:4      | Reached skill level 5 in Axes
  2848 | D:4      | Reached skill level 1 in Stealth
  2848 | D:4      | Reached skill level 1 in Invocations
  2848 | D:4      | Reached XP level 6. HP: 24/44 MP: 6/6
  3153 | D:4      | Reached skill level 2 in Stealth
  3198 | D:4      | Noticed a phantom
  3217 | D:4      | Killed a phantom
  3217 | D:4      | Reached skill level 2 in Invocations
  3217 | D:4      | Reached XP level 7. HP: 25/49 MP: 8/8
  3356 | D:4      | Reached ** piety under Yredelemnul
  3876 | D:5      | Entered Level 5 of the Dungeon
  3885 | D:5      | Reached skill level 3 in Stealth
  3924 | D:5      | Found a staircase to the Ecumenical Temple.
  4024 | D:5      | Found a hazy altar of Hepliaklqana.
  4063 | D:5      | Found a sand-covered staircase.
  4089 | Ossuary  | Entered an ossuary
  4120 | Ossuary  | Reached skill level 5 in Fighting
  4120 | Ossuary  | Reached skill level 6 in Axes
  4409 | Ossuary  | Reached *** piety under Yredelemnul
  4409 | Ossuary  | Reached skill level 4 in Stealth
  4409 | Ossuary  | Reached skill level 3 in Invocations
  4422 | Ossuary  | Got a sparkling graven amulet
  4455 | D:5      | Identified the amulet of Zompas {Harm *Drain Fragile rF+++
                  | Str+3} (You found it in an ossuary)
  4471 | D:5      | Found a shattered altar of Ashenzari.
  4677 | D:5      | Reached XP level 8. HP: 43/55 MP: 10/10
  5069 | D:6      | Noticed Duvessa
  5069 | D:6      | Noticed Dowan
  5372 | D:6      | Killed Duvessa
  5595 | D:6      | Killed Dowan
  5605 | D:6      | Reached skill level 7 in Axes
  5763 | D:6      | Reached skill level 5 in Stealth
  5950 | D:6      | Reached skill level 1 in Evocations
  5962 | D:6      | Reached skill level 4 in Invocations
  6119 | D:6      | Found a sparkling altar of Nemelex Xobeh.
  6462 | D:7      | Reached XP level 9. HP: 47/62 MP: 12/12
  6612 | D:7      | Reached skill level 2 in Evocations
  6620 | D:7      | Reached skill level 6 in Fighting
  6979 | D:7      | Reached skill level 8 in Axes
  6979 | D:7      | Reached skill level 4 in Dodging
  7192 | D:7      | Reached skill level 4 in Shields
  7197 | D:7      | Noticed Pikel
  7210 | D:7      | Slain by Pikel

Levels and vault maps discovered:
D:1:      erik_arrival_gehennom, layout_rooms, cheibriados_altar_1
D:2:      layout_basic, yredelemnul_altar_generic, lemuel_crystal_altar,
          first_ration, nrook_campfire, chequers_serial_rivers_room_a,
          uniq_crazy_yiuf_cottage
D:3:      layout_basic
D:4:      layout_basic
D:5:      layout_basic, kennysheep_mini_moat, lemuel_coloured_pillars_altar,
          temple_doors_e, nicolae_ossuary_entry_monument
D:6:      layout_loops_ring, minmay_gold_behind_fungi,
          nemelex_diamond_rough_becter, uniq_duvessa
D:7:      layout_loops_ring, overflow_temple_1_default, uniq_pikel

Skill      XL: |  1  2  3  4  5  6  7  8  9 |
---------------+----------------------------+-----
Axes           | 3 4 5 6 7 8 |  8.1
Fighting       | 4 5 6 |  6.2
Stealth        | 1 2 4 5 |  5.0
Invocations    | 1 2 3 4 |  4.8
Evocations     | 1 2 |  2.0
Dodging        | 4 |  4.0
Shields        | 4 |  4.0

Action                   |  1- 3 |  4- 6 |  7- 9 || total
-------------------------+-------+-------+-------++-------
Melee: War axe           |    52 |   113 |   212 ||   377
       Constrict         |    17 |    35 |    46 ||    98
       Tentacles         |     7 |    27 |    57 ||    91
Invok: Animate Remains   |       |     4 |     2 ||     6
       Animate Dead      |       |       |     4 ||     4
Evoke: Wand              |       |     1 |       ||     1
  Use: Scroll            |     1 |     6 |     6 ||    13
       Potion            |       |       |     4 ||     4
 Stab: Sleeping          |     6 |     6 |    16 ||    28
       Distracted        |     1 |       |       ||     1
  Eat: Chunk             |       |     8 |     7 ||    15
       Ration            |       |       |     4 ||     4
Armor: Skin              |     5 |    10 |     7 ||    22
Dodge: Dodged            |    13 |    53 |    93 ||   159
Block: Shield            |    19 |    53 |   101 ||   173
